AoeStats
← AOKI_GworK

Arabia

509070630Analyzed
1v1 RM · 6d ago on Sep 25, 2026· 16m 19s· 2 players
Game mode
Random Map
Map size
Tiny (2 player)
Population
200
Speed
Normal
Resources
Standard
Victory
Conquest
Starting age
Dark Age
Ending age
Imperial Age
RankedLock teamsTeams togetherTeam positionsShared explorationLock speedFull tech treeHidden civsTurbo modeCheats
Victory
Defeat
🇫🇷 Goths · France
1889
+12
🇮🇳 Varangians · India
1789
-12
AOKI_GworK
1:29 Loom
9:20 Feudal Age
9:28 Man-at-Arms
9:59 Double-Bit Axe
15:41 Fletching
Tunnelvision99
7:39 Loom
10:37 Feudal Age
11:05 Double-Bit Axe
Connection lost

Rejoining the realm…

Still unreachable

The connection could not be restored.

Session expired

The server has moved on; the page needs a fresh start.